 Dungeon Crawl Stone Soup version 0.18-a0-917-g8a3da5b (webtiles) character file.

5551 Duffy the Cleaver (level 10, 72/91 HPs)
             Began as a Deep Dwarf Berserker on Dec 26, 2015.
             Was a High Priest of Trog.
             Quit the game on level 8 of the Dungeon.
             The game lasted 00:14:01 (7064 turns).

Duffy the Cleaver (Deep Dwarf Berserker)            Turns: 7064, Time: 00:14:01

Health: 72/91      AC: 20    Str: 21    XL:     10   Next: 44%
Magic:  7/7        EV:  8    Int:  8    God:    Trog [*****.]
Gold:   95         SH:  0    Dex: 15    Spells: 0 memorised, 9 levels left

rFire  . . .     SeeInvis .     w - +0 broad axe
rCold  + . .     Gourm    .     Q - +2 plate armour {rC+}
rNeg   . . .     Faith    .     (no shield)
rPois  .         Spirit   .     (no helmet)
rElec  .         Dismiss  .     t - +0 cloak
rCorr  .         Reflect  .     (no gloves)
SustAt .         Harm     .     (no boots)
MR     +....                    (no amulet)
Stlth  ..........               K - +2 ring of protection
                                h - +1 ring of slaying

@: non-regenerating, somewhat resistant to hostile enchantments, extremely
unstealthy
A: damage resistance, recharge devices, sense surroundings 2, slow regeneration
3
a: Device Recharging, Berserk, Trog's Hand, Brothers in Arms, Burn Spellbooks,
Renounce Religion


You were on level 8 of the Dungeon.
You worshipped Trog.
Trog was extremely pleased with you.
You were not hungry.

You visited 1 branch of the dungeon, and saw 9 of its levels.
You also visited: Bailey.

You collected 1304 gold pieces.
You spent 1209 gold pieces at shops.


Innate Abilities, Weirdness & Mutations

You are resistant to damage.
You can recharge devices by infusing magical energy.
You passively map the area around you.
You do not regenerate naturally.


   Skills:
 + Level 6.0 Fighting
 * Level 12.3 Axes
 * Level 10.4 Armour
 - Level 2.2 Dodging


You had 9 spell levels left.
You didn't know any spells.

Inventory:

Hand Weapons
 a - a +0 hand axe
 n - a +0 war axe
 w - a +0 broad axe (weapon)
Missiles
 l - 44 poisoned needles
 L - 2 throwing nets (quivered)
 O - 6 tomahawks
Armour
 b - the +1 plate armour of Salvation {MP+9 Str+4 Int-2}

   It affects your strength (+4).
   It affects your intelligence (-2).
   It affects your magic capacity (+9).
 t - a +0 cloak (worn)
 A - a +0 plate armour
 Q - a +2 plate armour of cold resistance (worn)
Jewellery
 h - a +1 ring of slaying (left hand)
 v - an uncursed ring of flight
 F - an uncursed ring of fire
 G - an uncursed ring of magical power
 K - a +2 ring of protection (right hand)
 P - an uncursed ring of protection from cold
Wands
 c - a wand of heal wounds (3/9)
 s - a wand of random effects (7/48)
 x - a wand of slowing (26/48)
Scrolls
 g - a scroll of identify
 j - 4 scrolls of enchant weapon
 k - 6 scrolls of teleportation
 u - a scroll of acquirement {unknown}
 y - 3 scrolls of remove curse
 B - 2 scrolls of amnesia {unknown}
 C - a scroll of enchant armour {unknown}
 H - 2 scrolls of recharging {unknown}
 I - a scroll of random uselessness {unknown}
Potions
 e - 2 potions of heal wounds
 f - 2 potions of resistance {unknown}
 i - 6 potions of curing
 m - a potion of haste {unknown}
 o - a potion of magic {unknown}
 q - a potion of agility {unknown}
 r - 4 potions of mutation
 D - a potion of cancellation {unknown}
 J - a potion of ambrosia {unknown}
Miscellaneous
 z - a lantern of shadows
 N - a lamp of fire
Comestibles
 d - 8 bread rations
 p - 3 meat rations
 E - a royal jelly
 M - 6 beef jerkies

Dungeon Overview and Level Annotations

Branches:
Dungeon (9/15)             Temple (0/1) D:5
   Lair: D:8-11         Orc: D:9-12

Altars:
Ashenzari
Dithmenos
Elyvilon
Fedhas
Okawaru
Sif Muna
Xom
Zin
The Shining One

Shops:
D:4 *   D:8 [

Annotations:
D:6 exclusion: oklob plant


Message History

No target in view!
Things that are here:
a hand axe; a goblin corpse You enter the shallow water.
Moving in this stuff is going to be slow.
There is a stone staircase leading up here.
You climb upwards.
There is a stone staircase leading down here.
There is an open door here.
There is an entrance to Muafutu's Antique Armour Shoppe here.
b - a scorched plate armour Thank you for shopping at Muafutu's Antique Armour Shoppe!
Wear which item? (? for menu, Esc to quit)
You start removing your armour.
You continue taking off your +0 plate armour. x4
You finish taking off your +0 plate armour.
You start putting on your armour.
You continue putting on your scorched plate armour. x5
You finish putting on the cursed +1 plate armour of Salvation {MP+9 Str+4 Int-2}.
Oops, that feels deathly cold.
Read which item? (? for menu, Esc to quit)
As you read the scroll of remove curse, it crumbles to dust.
You feel as if something is helping you.
Q - a shiny plate armour Thank you for shopping at Muafutu's Antique Armour Shoppe!
Wear which item? (? for menu, Esc to quit)
You start removing your armour.
You continue taking off the +1 plate armour of Salvation {MP+9 Str+4 Int-2}. x4
You finish taking off the +1 plate armour of Salvation {MP+9 Str+4 Int-2}.
You start putting on your armour.
You continue putting on your shiny plate armour. x5
You finish putting on your +2 plate armour of cold resistance.
You feel resistant to cold.
There is an open door here.
Are you sure you want to abandon this character and quit the game? (Confirm with "yes".)

....#
##...........##.....#
....#
#............##....##
....#
#.##.........#######
....# #.##.........#
##### #.##.......<##
#### #.##..#...###
#..< #.##..#.#.# ##.#
#.#####.#.# #.#
#.....@.#.# #.#
#####'###.# ######.#
###.'\'.#.# #......#
#...#+#...# #.######
#.###...### #.# #.#
##### #.#
#.##############.#
#................#
##################


There were no monsters in sight!

Action                   |  1- 3 |  4- 6 |  7- 9 | 10-12 || total
-------------------------+-------+-------+-------+-------++-------
Melee: Hand axe          |   154 |   126 |       |       ||   280
       War axe           |       |    47 |   214 |   105 ||   366
       Broad axe         |       |       |       |     1 ||     1
Invok: Berserk           |       |     7 |    13 |     3 ||    23
       Burn Spellbooks   |       |       |     1 |       ||     1
 Abil: Device Recharging |       |       |     1 |     2 ||     3
       Evoke Flight      |       |       |       |     3 ||     3
Evoke: Wand              |     1 |     2 |     6 |     7 ||    16
  Use: Scroll            |       |     5 |     3 |     1 ||     9
  Eat: Chunk             |     1 |    12 |    23 |     6 ||    42
       Fruit             |       |     2 |       |       ||     2
       Beef jerky        |       |       |     4 |       ||     4

Notes
Turn   | Place    | Note
--------------------------------------------------------------
     0 | D:1      | Duffy the Deep Dwarf Berserker began the quest for the Orb.
     0 | D:1      | Reached XP level 1. HP: 20/20 MP: 1/1
   192 | D:1      | Reached XP level 2. HP: 14/27 MP: 2/2
   423 | D:1      | Reached skill level 3 in Fighting
   853 | D:1      | Reached XP level 3. HP: 23/34 MP: 3/3
   862 | D:1      | Reached ** piety under Trog
   862 | D:1      | Reached skill level 4 in Axes
  1122 | D:2      | Reached XP level 4. HP: 12/42 MP: 4/4
  1561 | D:2      | Reached skill level 5 in Axes
  1597 | D:2      | Noticed Crazy Yiuf
  1602 | D:2      | Killed Crazy Yiuf
  1701 | D:3      | Reached XP level 5. HP: 36/49 MP: 5/5
  1874 | D:3      | Reached skill level 6 in Axes
  1875 | D:3      | Found a shattered altar of Ashenzari.
  2010 | D:3      | Reached *** piety under Trog
  2426 | D:4      | Reached skill level 7 in Axes
  2426 | D:4      | Reached XP level 6. HP: 21/56 MP: 6/6
  2444 | D:4      | Found an iron altar of Okawaru.
  2541 | D:4      | Found a shimmering altar of Xom.
  2548 | D:4      | Found Zusuraps's Assorted Antiques.
  2551 | D:4      | Bought a scroll labeled KEFYRO HUTIKK for 24 gold pieces
  2551 | D:4      | Bought a scroll labeled GUHEIW UCKAUNN for 24 gold pieces
  2551 | D:4      | Bought a scroll labeled OFYLOU XUWIGIC for 24 gold pieces
  2551 | D:4      | Bought a scroll labeled TIYZAI BAPISHI for 24 gold pieces
  2551 | D:4      | Bought a brown potion for 21 gold pieces
  2551 | D:4      | Bought a murky grey potion for 21 gold pieces
  2626 | D:4      | Found a deep blue altar of Sif Muna.
  3016 | D:5      | Entered Level 5 of the Dungeon
  3016 | D:5      | Found a white marble altar of Elyvilon.
  3077 | D:5      | Found a staircase to the Ecumenical Temple.
  3136 | D:5      | Reached skill level 3 in Armour
  3248 | D:5      | Reached skill level 8 in Axes
  3419 | D:5      | Reached XP level 7. HP: 40/62 MP: 7/7
  3470 | D:5      | Reached skill level 4 in Armour
  3735 | D:5      | Noticed tof's ghost (weakling DENe)
  3744 | D:5      | Killed tof's ghost
  3810 | D:5      | Reached skill level 5 in Armour
  4104 | D:6      | Noticed a deep elf mage
  4119 | D:6      | Reached skill level 9 in Axes
  4123 | D:6      | Killed a deep elf mage
  4123 | D:6      | Reached skill level 6 in Armour
  4123 | D:6      | Reached XP level 8. HP: 67/72 MP: 7/7
  4199 | D:6      | Found a shadowy altar of Dithmenos.
  4311 | D:6      | Found a glowing silver altar of Zin.
  4385 | D:6      | Reached skill level 4 in Fighting
  4416 | D:6      | Reached skill level 10 in Axes
  4417 | D:6      | Reached **** piety under Trog
  4484 | D:6      | Reached skill level 7 in Armour
  4666 | D:6      | Found a blossoming altar of Fedhas.
  4683 | D:6      | Noticed an oklob plant
  4801 | D:7      | Noticed kak's ghost (novice MiFi)
  4810 | D:7      | Killed kak's ghost
  4810 | D:7      | Gained mutation: You passively map the area around you. [Deep Dwarf growth]
  4810 | D:7      | Reached XP level 9. HP: 54/79 MP: 8/8
  4877 | D:7      | Found a glowing golden altar of the Shining One.
  4948 | D:7      | Reached skill level 8 in Armour
  5350 | D:7      | Noticed Pikel
  5367 | D:7      | Killed Pikel
  5367 | D:7      | Reached skill level 5 in Fighting
  5367 | D:7      | Reached skill level 11 in Axes
  5509 | D:8      | Found Muafutu's Antique Armour Shoppe.
  5634 | D:8      | Reached skill level 9 in Armour
  5924 | D:8      | Reached ***** piety under Trog
  6360 | D:9      | Reached XP level 10. HP: 47/88 MP: 9/9
  6427 | D:9      | Found a flagged portal.
  6437 | Bailey   | Entered a bailey
  6444 | Bailey   | Noticed an orc knight
  6448 | Bailey   | Noticed an orc knight
  6452 | Bailey   | Noticed an orc knight
  6616 | Bailey   | Killed an orc knight
  6616 | Bailey   | Reached skill level 12 in Axes
  6616 | Bailey   | Reached skill level 10 in Armour
  6730 | Bailey   | Killed an orc knight
  6793 | Bailey   | Killed an orc knight
  6793 | Bailey   | Reached skill level 6 in Fighting
  7040 | D:8      | Bought a scorched plate armour for 588 gold pieces
  7050 | D:8      | Identified the cursed +1 plate armour of Salvation {MP+9 Str+4 Int-2} (You bought it in a shop on level 8 of the Dungeon)
  7051 | D:8      | Bought a shiny plate armour for 483 gold pieces
  7064 | D:8      | Quit the game

Vault maps used:
D:1:      minmay_arrival_three_doors
D:2:      uniq_crazy_yiuf_cottage
D:3:      ashenzari_altar_1, st_stairs_14
D:4:      lemuel_round_altar, tgw_xom, first_bread, serial_shops, shop,
          led_sif_pool
D:5:      overflow_temple_1_default, minmay_temple_entry_purple_smoke
D:6:      lemuel_doored_altar, lemuel_crystal_altar, tgw_fedhas
D:7:      grunt_ogre_cave, hex_intersection, nicolae_tso_swordbearing_angel,
          uniq_pikel
D:8:      serial_shops, nicolae_shop_behind_doors
D:9:      lemuel_round_altar, lightli_bailey_entry_fortress, wad_mini_maze
Bailey:   bailey_axe_4, bailey

Vanquished Creatures
  The ghost of kak the Carver, a novice MiFi of Okawaru
  3 orc knights Pikel
  A deep elf mage
  A wyvern
  A hungry ghost
  A water moccasin
  4 slaves
  A sky beast
  3 orc warriors
  2 phantoms
  2 centaurs
  2 ogres
  3 giant frogs
  A gnoll sergeant
  3 wights
  A crimson imp
  A centaur skeleton
  5 hounds
  3 orc priests Crazy Yiuf
  A centaur zombie
  3 giant frog skeletons
  2 worker ants
  7 orc wizards
  2 iguanas
  A hound skeleton
  The ghost of tof the Grave Robber, a weakling DENe
  23 gnolls
  4 adders
  3 shadow imps
  3 oozes
  An adder skeleton
  3 worms
  3 giant geckos
  34 orcs
  2 ball pythons
  4 giant cockroaches
  11 goblins
  10 hobgoblins
  14 jackals
  25 kobolds
  A quokka
  9 bats
  A giant gecko zombie
  5 giant newts
  2 quokka skeletons
  2 quokka zombies
  5 rats
223 creatures vanquished.
